 Dungeon Crawl Stone Soup version 0.25-a0-424-g80bd347ae0 (webtiles) character file.

Game seed: 3890444847949002327, levelgen mode: deterministic

254 TheCyberMonk the Magician (level 6, -1/44 HPs)
             Began as a Gnoll Wizard on Jan 23, 2020.
             Was an Initiate of Vehumet.
             Killed by divine providence
             ... invoked by an orc priest
              (9 damage)
             ... on level 4 of the Dungeon.
             The game lasted 00:28:38 (4340 turns).

TheCyberMonk the Magician (Gnoll Wizard)            Turns: 4340, Time: 00:28:39

Health: -1/44      AC:  3    Str: 10    XL:     6   Next: 14%
Magic:  16/25      EV: 14    Int: 21    God:    Vehumet [......]
Gold:   152        SH:  0    Dex: 14    Spells: 6/19 levels left

rFire    . . .     SeeInvis .   q - +2 quarterstaff (vorpal)
rCold    . . .     Gourm    .   (shield currently unavailable)
rNeg     . . .     Faith    .   a - +1 robe
rPois    .         Spirit   .   b - +0 hat
rElec    .         Reflect  .   (no cloak)
rCorr    .         Harm     .   (no gloves)
MR       +....                  (no boots)
Stlth    ++........             (no amulet)
HPRegen  0.14/turn              h - ring of protection from magic
MPRegen  0.19/turn              i - ring of magical power

@: heavily drained
A: distributed training, fangs 1, strong nose
a: Renounce Religion


You were on level 4 of the Dungeon.
You worshipped Vehumet.
Vehumet was noncommittal.
You were not hungry.

You visited 1 branch of the dungeon, and saw 4 of its levels.

You collected 152 gold pieces.

Inventory:

Hand Weapons
 q - a +2 vorpal quarterstaff (weapon)
Missiles
 e - 109 stones (quivered)
 f - 25 arrows
 m - 13 poisoned darts
 p - 10 boomerangs
Armour
 a - a +1 robe (worn)
 b - a +0 hat (worn)
Jewellery
 c - an uncursed ring of see invisible
 h - a ring of protection from magic (left hand)
 i - a ring of magical power (right hand)
Scrolls
 k - 2 scrolls of teleportation
 o - a scroll of remove curse
Potions
 g - a potion of flight
 j - a potion of haste {unknown}
Comestibles
 d - 5 rations


   Skills:
 + Level 1.8(0.6) Fighting
 + Level 1.8(0.6) Short Blades
 + Level 1.8(0.6) Long Blades
 + Level 1.8(0.6) Axes
 + Level 1.8(0.6) Maces & Flails
 + Level 1.8(0.6) Polearms
 + Level 1.8(0.6) Staves
 + Level 1.8(0.6) Slings
 + Level 1.8(0.6) Bows
 + Level 1.8(0.6) Crossbows
 + Level 1.8(0.6) Throwing
 + Level 1.8(0.6) Armour
 + Level 4.9(3.7) Dodging
 + Level 4.5(3.3) Stealth
 + Level 1.8(0.6) Shields
 + Level 1.8(0.6) Unarmed Combat
 + Level 7.3(6.0) Spellcasting
 + Level 2.5(1.4) Conjurations
 + Level 1.4(0.3) Hexes
 + Level 1.4(0.3) Charms
 + Level 2.5(1.4) Summonings
 + Level 1.4(0.3) Necromancy
 + Level 2.5(1.4) Translocations
 + Level 1.4(0.3) Transmutations
 + Level 1.4(0.3) Fire Magic
 + Level 1.4(0.3) Ice Magic
 + Level 1.4(0.3) Air Magic
 + Level 1.4(0.3) Earth Magic
 + Level 1.4(0.3) Poison Magic
 + Level 2.0(0.9) Invocations
 + Level 1.8(0.6) Evocations


You had 6 spell levels left.
You knew the following spells:

 Your Spells              Type           Power        Failure   Level  Hunger
a - Magic Dart            Conj           ##..         5%          1    None
b - Blink                 Tloc           N/A          9%          2    None
c - Call Imp              Summ           ##......     9%          2    None
d - Slow                  Hex            #.......     13%         2    None
e - Conjure Flame         Conj/Fire      ##......     21%         3    ##.....
f - Mephitic Cloud        Conj/Pois/Air  #.......     22%         3    ##.....

Your spell library contained the following spells:

 Spells                   Type           Power        Failure   Level  Hunger


Dungeon Overview and Level Annotations

Branches:
Dungeon (4/15)
 Temple: D:4-7

Altars:
Nemelex Xobeh
Vehumet


Innate Abilities, Weirdness & Mutations

Your experience applies equally to all skills.
You have very sharp teeth.
Your uncanny sense of smell can sniff out nearby items.


Message History

The gnoll hits you!
Casting: Magic Dart (safe; 5% risk of failure)
Confirm with . or Enter, or press ? or * to list all spells.
Aiming: Magic Dart (safe; 5% risk of failure)
Press: ? - help, Shift-Dir - straight line, f/p - gnoll
Aim: a gnoll, wielding a +0 club (almost dead, confused)
The magic dart hits the gnoll.
You kill the gnoll!
Vehumet accepts your kill.
The gnoll hits you from afar with a +2 spear of distortion!
Space bends around you. The gnoll closely misses you. The gnoll misses you.
The orc priest calls down the wrath of Beogh upon you.
Beogh smites you!
* * * LOW HITPOINT WARNING * * *
The frilled lizard completely misses you.
The phantom blinks!
The orc priest calls down the wrath of Beogh upon you.
Beogh smites you!
You die...

#.. ......####..##
## #....... #..o##
.##..###.#####..#og#
∆
...............###..
.. #....##########
#.####....gg.......
..# ##.###.####### ∆
#.# #.# #..#### #@#
##.# ##.g..###
#.###..# ####...o
#lo##.g# #####
.#####.g#).###
..............#
###.####§..#..#
#...##..... .##
...^.## .##### ...
##...# .# ###


You could see an orc priest, a gnoll and a frilled lizard.

Vanquished Creatures
  3 orc wizards (D:4)
  A gnoll (D:4)
  4 adders
  A worm (D:2)
  A dart slug (D:1)
  5 leopard geckos
  4 orcs
  3 giant cockroaches
  7 goblins
  9 hobgoblins
  6 jackals
  2 quokkas
  7 bats
  4 frilled lizards
  14 kobolds
  6 rats
77 creatures vanquished.

Vanquished Creatures (collateral kills)
  2 adders (D:2)
  A worm (D:3)
  A bat (D:2)
  2 giant cockroaches
  A goblin (D:2)
  2 rats (D:2)
9 creatures vanquished.

Vanquished Creatures (others)
  An orc wizard (D:4)
1 creature vanquished.

Grand Total: 87 creatures vanquished

Notes
Turn   | Place    | Note
-------+----------+-------------------------------------------
     0 | D:1      | TheCyberMonk the Gnoll Wizard began the quest for the Orb.
     0 | D:1      | Reached XP level 1. HP: 13/13 MP: 8/8
    67 | D:1      | Reached XP level 2. HP: 19/19 MP: 0/10
   487 | D:1      | Reached XP level 3. HP: 20/25 MP: 7/11
  1101 | D:2      | Learned a level 2 spell: Blink
  1104 | D:2      | Learned a level 2 spell: Call Imp
  1107 | D:2      | Learned a level 2 spell: Slow
  1111 | D:2      | Learned a level 3 spell: Conjure Flame
  1115 | D:2      | Learned a level 3 spell: Mephitic Cloud
  1120 | D:2      | Reached skill level 1 in Invocations
  1203 | D:2      | Reached skill level 1 in Fighting
  1203 | D:2      | Reached skill level 1 in Short Blades
  1203 | D:2      | Reached skill level 1 in Long Blades
  1203 | D:2      | Reached skill level 1 in Axes
  1203 | D:2      | Reached skill level 1 in Maces & Flails
  1203 | D:2      | Reached skill level 1 in Polearms
  1203 | D:2      | Reached skill level 1 in Staves
  1203 | D:2      | Reached skill level 1 in Slings
  1203 | D:2      | Reached skill level 1 in Bows
  1203 | D:2      | Reached skill level 1 in Crossbows
  1203 | D:2      | Reached skill level 1 in Throwing
  1203 | D:2      | Reached skill level 1 in Armour
  1203 | D:2      | Reached skill level 1 in Shields
  1203 | D:2      | Reached skill level 1 in Unarmed Combat
  1203 | D:2      | Reached skill level 1 in Evocations
  1211 | D:2      | Reached XP level 4. HP: 32/32 MP: 0/13
  1688 | D:2      | Found a radiant altar of Vehumet.
  1706 | D:2      | Reached skill level 1 in Hexes
  1706 | D:2      | Reached skill level 1 in Charms
  1706 | D:2      | Reached skill level 1 in Necromancy
  1706 | D:2      | Reached skill level 1 in Transmutations
  1706 | D:2      | Reached skill level 1 in Fire Magic
  1706 | D:2      | Reached skill level 1 in Ice Magic
  1706 | D:2      | Reached skill level 1 in Air Magic
  1706 | D:2      | Reached skill level 1 in Earth Magic
  1706 | D:2      | Reached skill level 1 in Poison Magic
  1711 | D:2      | Became a worshipper of Vehumet
  2308 | D:3      | Reached XP level 5. HP: 37/37 MP: 10/14
  2390 | D:3      | Found a sparkling altar of Nemelex Xobeh.
  3401 | D:4      | Reached XP level 6. HP: 6/44 MP: 7/16
  4332 | D:4      | Noticed a phantom
  4340 | D:4      | Killed from afar by an orc priest

Levels and vault maps discovered:
D:1:      wander_arrival_peaceful_grave, layout_basic
D:2:      layout_basic, vehumet_crystals
D:3:      layout_basic, nicolae_overflow_hidden_temple, nemelex_altar_shiori
D:4:      layout_rooms, serial_corexii_hall, corexii_hall_statues_u,
          corexii_hall_statues_x, serial_shops, shop

Skill      XL: |  1  2  3  4  5  6 |
---------------+-------------------+-----
Conjurations   | 2 |  2.5
Summonings     | 2 |  2.5
Translocations | 2 |  2.5
Invocations    | 1 2 |  2.0
Fighting       | 1 |  1.8
Short Blades   | 1 |  1.8
Long Blades    | 1 |  1.8
Axes           | 1 |  1.8
Maces & Flails | 1 |  1.8
Polearms       | 1 |  1.8
Staves         | 1 |  1.8
Slings         | 1 |  1.8
Bows           | 1 |  1.8
Crossbows      | 1 |  1.8
Throwing       | 1 |  1.8
Armour         | 1 |  1.8
Shields        | 1 |  1.8
Unarmed Combat | 1 |  1.8
Evocations     | 1 |  1.8
Hexes          | 1 |  1.4
Charms         | 1 |  1.4
Necromancy     | 1 |  1.4
Transmutations | 1 |  1.4
Fire Magic     | 1 |  1.4
Ice Magic      | 1 |  1.4
Air Magic      | 1 |  1.4
Earth Magic    | 1 |  1.4
Poison Magic   | 1 |  1.4
Dodging        | |  4.9
Stealth        | |  4.5
Spellcasting   | |  7.3

Action                   |  1- 3 |  4- 6 || total
-------------------------+-------+-------++-------
Melee: Dagger            |    23 |    33 ||    56
       Bite              |       |     2 ||     2
 Cast: Magic Dart        |    68 |   134 ||   202
       Call Imp          |     3 |    14 ||    17
       Slow              |     3 |    14 ||    17
       Mephitic Cloud    |       |     3 ||     3
  Use: Scroll            |     2 |     8 ||    10
  Eat: Chunk             |       |     5 ||     5
       Ration            |       |     2 ||     2
Armor: Robe              |     5 |     9 ||    14
Dodge: Dodged            |    49 |    39 ||    88

Table legend:
 A = Non-vault XP
 B = Vault XP
 C = Vault XP percentage of total XP
 D = Non-vault monster count
 E = Vault monster count
 F = Vault count percentage of total count
                 A         B        C        D         E       F
            +---------+---------+-------+---------+---------+-------
      Total |     363 |       0 |   0.0 |      87 |       0 |   0.0
            +---------+---------+-------+---------+---------+-------
        D:1 |      55 |       0 |   0.0 |      32 |       0 |   0.0
        D:2 |      82 |       0 |   0.0 |      26 |       0 |   0.0
        D:3 |      44 |       0 |   0.0 |      17 |       0 |   0.0
        D:4 |     182 |       0 |   0.0 |      12 |       0 |   0.0
            +---------+---------+-------+---------+---------+-------
